AoeStats
← 凉拌皮蛋

African Clearing

506836184Analyzed
4v4 RM · 16d ago on Sep 15, 2026· 45m 41s· 8 players
Game mode
Random Map
Map size
Large (8 player)
Population
200
Speed
Normal
Resources
Standard
Victory
Conquest
Starting age
Dark Age
Ending age
Imperial Age
RankedLock teamsTeams togetherTeam positionsShared explorationLock speedFull tech treeHidden civsTurbo modeCheats
Victory
Defeat
🇨🇳 Wu · China
1997
+4
🇨🇳 Spanish · China
1759
+10
1642
+13
🇨🇳 Wei · China
1465
+20
🇨🇳 Portuguese · China
1713
-16
🇨🇳 Sicilians · China
1601
-12
🇨🇳 Malians · China
1585
-10
🇨🇳 Bengalis · China
1550
-9
清远华
11:08 Feudal Age
11:46 Double-Bit Axe
12:20 Loom
19:24 Horse Collar
24:44 Castle Age
25:49 Bow Saw
28:26 Wheelbarrow
27:37 Town Watch
33:36 Heavy Plow
34:36 Gold Mining
38:13 Bloodlines
38:44 Husbandry
39:32 Padded Archer Armor
42:34 Imperial Age
40:20 Hand Cart
41:40 Leather Archer Armor
41:46 Stone Mining
43:46 Ring Archer Armor
42:42 Elite Conquistador
43:43 Conscription
45:14 Supremacy
凉拌皮蛋
4:10 Loom
15:07 Feudal Age
16:30 Town Watch
19:10 Castle Age
17:58 Double-Bit Axe
18:21 Fishing Lines
18:39 Fletching
20:46 Bodkin Arrow
24:15 Ballistics
25:48 Bow Saw
26:46 Horse Collar
31:03 Wheelbarrow
34:10 Hand Cart
34:46 Murder Holes
35:36 Gold Mining
35:37 Stone Mining
37:01 Padded Archer Armor
39:55 Leather Archer Armor
39:58 Masonry
41:45 Squires
41:43 Pikeman
Ginger lee fondle your meatballs
11:29 Feudal Age
12:38 Loom
17:49 Forging
22:16 Castle Age
23:38 Gold Mining
24:33 Wheelbarrow
23:52 Gold Mining
24:09 Double-Bit Axe
29:16 Husbandry
31:03 Scale Barding Armor
31:13 Town Watch
33:50 Devotion
33:48 Stone Mining
34:15 Light Cavalry
38:12 Hand Cart
41:15 Imperial Age
41:48 Gold Shaft Mining
42:30 Chain Barding Armor
42:46 Iron Casting
43:49 Plate Barding Armor
44:09 Capped Ram
46:03 Iron Casting
_LY_lyx
13:51 Feudal Age
14:55 Town Watch
15:07 Double-Bit Axe
17:29 Castle Age
15:47 Horse Collar
18:32 Bow Saw
21:13 Loom
23:39 Wheelbarrow
24:52 Fletching
25:32 Padded Archer Armor
28:29 Gold Mining
29:00 Bodkin Arrow
31:18 Hand Cart
31:56 Heavy Plow
32:24 Red Cliffs Tactics
33:38 Leather Archer Armor
37:50 Imperial Age
36:06 Scale Barding Armor
36:25 Ballistics
36:00 Pikeman
36:53 Scale Mail Armor
37:03 Forging
37:18 Squires
38:34 Bracer
37:58 Halberdier
39:02 Chain Mail Armor
39:23 Iron Casting
40:10 Guilds
40:03 Bracer
40:31 Conscription
41:51 Chemistry
41:13 Sitting Tiger
41:15 Elite Fire Archer
43:57 Two-Man Saw
44:44 Coinage
46:45 Iron Casting
灰色的鱼
9:06 Loom
11:50 Feudal Age
12:34 Double-Bit Axe
20:13 Horse Collar
26:59 Castle Age
36:50 Town Watch
37:52 Wheelbarrow
38:31 Bow Saw
40:28 Hand Cart
42:07 Heavy Plow
43:13 Gold Mining
43:18 Stone Mining
45:44 Bloodlines
44:55 Light Cavalry
悠律
12:09 Loom
14:19 Feudal Age
18:38 Castle Age
17:07 Double-Bit Axe
19:47 Bow Saw
23:59 Town Watch
24:26 Redemption
28:21 Sanctity
41:32 Wheelbarrow
44:04 Imperial Age
Mineer_Valus
3:53 Loom
13:00 Feudal Age
14:56 Double-Bit Axe
17:32 Castle Age
16:31 Stone Mining
17:49 Padded Archer Armor
23:56 Leather Archer Armor
24:03 Bow Saw
27:12 Forging
29:18 Fletching
33:29 Husbandry
35:03 Horse Collar
39:57 Wheelbarrow
41:35 Bloodlines
43:12 Bodkin Arrow
44:43 Gold Mining
45:09 Hand Cart
爱种地的老板
12:28 Feudal Age
16:44 Castle Age
14:42 Loom
14:58 Double-Bit Axe
16:47 Horse Collar
17:44 Scale Barding Armor
17:21 Horse Collar
26:35 Bow Saw
30:44 Wheelbarrow
34:33 Imperial Age
32:24 Forging
32:40 Chain Barding Armor
32:39 Fletching
33:00 Forging
33:04 Bloodlines
33:01 Husbandry
33:35 Gold Mining
35:56 Plate Barding Armor
35:02 Cavalier
37:41 Iron Casting
36:34 Pikeman
37:37 Hand Cart
40:32 Hauberk
42:58 Blast Furnace
43:09 Ballistics
42:52 Stone Mining
43:38 Gold Shaft Mining
43:35 Bodkin Arrow
44:45 Stone Shaft Mining
44:33 Bracer
44:51 Padded Archer Armor
45:58 Chemistry
45:16 Heavy Plow
Connection lost

Rejoining the realm…

Still unreachable

The connection could not be restored.

Session expired

The server has moved on; the page needs a fresh start.